[Event "Titled Tuesday Blitz February 07 Early 2023"]
[White "Remizov, Yaroslav"]
[Black "Manukyan, Sargis A."]
[WhiteFideId "34134015"]
[BlackFideId "13303970"]
[WhiteElo "2421"]
[BlackElo "2158"]
[Result "1-0"]
[Round "03"]
[TimeControl "180+2"]
[Date "2023.02.07"]
[WhiteClock "0:01:55"]
[BlackClock "0:01:03"]

1. e4 c5 2. Nc3 d6 3. d4 cxd4 4. Qxd4 Nc6 5. Qd2 Nf6 6. b3 g6 7. Bb2 h5 8. O-O-O Bh6 9. f4 e5 10. g3 O-O 11. Kb1 Bg4 12. Be2 Nd4 13. Bxg4 Nxg4 14. h3 Nf6 15. Nge2 Nxe2 16. Qxe2 exf4 17. Qd2 Ne8 18. gxf4 Nc7 19. Rhf1 Ne6 20. Nd5 Bg7 21. f5 Nc5 22. f6 Bh8 23. Qh6 1-0


[Site "https://www.chess.com"]

[Event "Titled Tuesday Blitz February 07 Early 2023"]
[White "Gokerkan, Cem Kaan"]
[Black "Koellner, Ruben Gideon"]
[WhiteFideId "6336760"]
[BlackFideId "12993093"]
[WhiteElo "2500"]
[BlackElo "2426"]
[Result "1/2-1/2"]
[Round "03"]
[TimeControl "180+2"]
[Date "2023.02.07"]
[WhiteClock "0:00:04"]
[BlackClock "0:00:04"]

1. e4 d6 2. d4 Nf6 3. Nc3 e5 4. Nf3 Nbd7 5. Rg1 c6 6. g4 h6 7. h4 exd4 8. Nxd4 Ne5 9. g5 hxg5 10. hxg5 Nfg4 11. f3 Nh2 12. Be2 Qb6 13. Be3 Rh3 14. Qd2 Qxd4 15. Qxd4 Nhxf3+ 16. Kf2 Nxd4 17. Bxd4 Be6 18. Rh1 Rxh1 19. Rxh1 b6 20. Ba6 Rd8 21. a4 Kd7 22. Be2 Be7 23. Rh7 Bxg5 24. Rxg7 Bf6 25. Rh7 Ng4+ 26. Bxg4 Bxd4+ 27. Kf3 Bxg4+ 28. Kxg4 Be5 29. Rxf7+ Ke6 30. Rxa7 Rg8+ 31. Kf3 Rg3+ 32. Kf2 Rh3 33. Rb7 Bd4+ 34. Ke2 Bxc3 35. bxc3 Rxc3 36. Kd2 Rc4 37. Rxb6 Rxa4 38. Rxc6 Rxe4 39. Rc8 Kd5 40. Rh8 Re5 41. Kd3 Rg5 42. c4+ Kc5 43. Rc8+ Kb6 44. Kd4 Kb7 45. Rf8 Kc6 46. Rf4 Rh5 47. Rg4 Rf5 48. Rh4 Rg5 49. Rf4 Rh5 50. Rf8 Rh4+ 51. Kc3 Rh1 52. Rc8+ Kd7 53. Rg8 Kc6 54. Rg2 Rc1+ 55. Kb3 Rb1+ 56. Kc2 Rh1 57. Rg8 Kc5 58. Rc8+ Kd4 59. Rc6 Rh6 60. Kb3 Rg6 61. Kb4 Ke5 62. Rc8 Rg1 63. Kc3 Rc1+ 64. Kd3 Rd1+ 65. Kc3 Rc1+ 66. Kd2 Ra1 67. Kc2 Rh1 68. Kb3 Rb1+ 69. Kc3 Rc1+ 1/2-1/2


[Site "https://www.chess.com"]

[Event "Titled Tuesday Blitz February 07 Early 2023"]
[White "Araujo Sanchez, Josue"]
[Black "Bjerre, Jonas Buhl"]
[WhiteFideId "6416896"]
[BlackFideId "1444948"]
[WhiteElo "2303"]
[BlackElo "2602"]
[Result "0-1"]
[Round "03"]
[TimeControl "180+2"]
[Date "2023.02.07"]
[WhiteClock "0:01:38"]
[BlackClock "0:01:56"]

1. Nf3 Nf6 2. g3 d5 3. Bg2 c5 4. O-O g6 5. c4 Nc6 6. cxd5 Nxd5 7. Nc3 Bg7 8. Nxd5 Qxd5 9. d3 O-O 10. Be3 Bd7 11. Nd4 Qd6 12. Nxc6 Bxc6 13. Bxc6 Qxc6 14. Rc1 Qe6 15. Rxc5 Qxa2 16. b4 Qb2 17. Qd2 Qxd2 18. Bxd2 b6 19. Rc7 a5 20. Rxe7 a4 21. e3 Bb2 0-1


[Site "https://www.chess.com"]

[Event "Titled Tuesday Blitz February 07 Early 2023"]
[White "Shuvalova, Polina"]
[Black "Zhigalko, Sergei"]
[WhiteFideId "24171760"]
[BlackFideId "13502956"]
[WhiteElo "2484"]
[BlackElo "2572"]
[Result "1/2-1/2"]
[Round "03"]
[TimeControl "180+2"]
[Date "2023.02.07"]
[WhiteClock "0:00:47"]
[BlackClock "0:00:14"]

1. e4 c5 2. Nf3 Nc6 3. Bb5 Nf6 4. Nc3 Qc7 5. O-O Nd4 6. Re1 a6 7. Bf1 e5 8. Nd5 Nxd5 9. exd5 d6 10. c3 Nxf3+ 11. Qxf3 Be7 12. b4 O-O 13. a4 f5 14. bxc5 dxc5 15. c4 e4 16. Qb3 Bd6 17. g3 Bd7 18. Bb2 Rae8 19. d3 e3 20. Rxe3 Rxe3 21. fxe3 Bxg3 22. hxg3 Qxg3+ 23. Bg2 Qxe3+ 24. Kf1 Qf4+ 25. Kg1 Qe3+ 26. Kf1 Qf4+ 27. Kg1 Qe3+ 1/2-1/2


[Site "https://www.chess.com"]

[Event "Titled Tuesday Blitz February 07 Early 2023"]
[White "Pinheiro, Iung Alicio de O."]
[Black "Ozen, Bahadir"]
[WhiteFideId "2104350"]
[BlackFideId "6337058"]
[WhiteElo "2306"]
[BlackElo "2369"]
[Result "0-1"]
[Round "03"]
[TimeControl "180+2"]
[Date "2023.02.07"]
[WhiteClock "0:00:03"]
[BlackClock "0:00:05"]

1. e4 d6 2. d4 Nf6 3. Nc3 e5 4. Nf3 Nbd7 5. Rg1 g6 6. g4 Bg7 7. g5 Nh5 8. Be3 O-O 9. Qd2 c6 10. O-O-O Re8 11. dxe5 dxe5 12. Bh3 Qe7 13. Bg4 Nf4 14. Bxd7 Rd8 15. Bxf4 Rxd7 16. Qe3 exf4 17. Qxf4 Bxc3 18. Rxd7 Bxb2+ 19. Kxb2 Qb4+ 20. Kc1 Bxd7 21. Qf6 Qa3+ 22. Kd2 Be6 23. Nd4 Qa5+ 24. Ke3 Qc3+ 25. Kf4 Bxa2 26. Rg3 Qd2+ 27. Kf3 Re8 28. Kg2 c5 29. Nb5 Qxc2 30. Nd6 Rf8 31. Rh3 Be6 32. Rh4 Qd3 33. Qe5 c4 34. f3 Qd2+ 35. Kg1 c3 36. Rf4 c2 0-1


[Site "https://www.chess.com"]

[Event "Titled Tuesday Blitz February 07 Early 2023"]
[White "Yuan, Qingyu"]
[Black "Kalogeris, Ioannis"]
[WhiteFideId "8609772"]
[BlackFideId "4239563"]
[WhiteElo "2373"]
[BlackElo "2423"]
[Result "1/2-1/2"]
[Round "03"]
[TimeControl "180+2"]
[Date "2023.02.07"]
[WhiteClock "0:00:03"]
[BlackClock "0:00:05"]

1. e4 e5 2. Nf3 Nc6 3. Bb5 a6 4. Ba4 Nf6 5. d3 b5 6. Bb3 Bc5 7. Nc3 d6 8. Nd5 h6 9. c3 Rb8 10. d4 exd4 11. cxd4 Ba7 12. Be3 O-O 13. O-O Ng4 14. Bf4 Ne7 15. e5 Bb7 16. Nxe7+ Qxe7 17. Re1 dxe5 18. Bxe5 Qd7 19. h3 Nxe5 20. Nxe5 Qxd4 21. Qxd4 Bxd4 22. Nd7 Bxb2 23. Rad1 c5 24. Nxb8 Rxb8 25. Bd5 Bd4 26. Bxb7 Rxb7 27. Re8+ Kh7 28. Ra8 Rb6 29. Kf1 h5 30. g3 Rf6 31. Rd2 h4 32. g4 Kg6 33. Kg2 Re6 34. Kf1 Kg5 35. Re2 Rd6 36. Re4 c4 37. f4+ Kg6 38. Rh8 c3 39. Rh5 c2 40. Rg5+ Kf6 41. Rf5+ Kg6 42. Rg5+ Kf6 43. Rf5+ Kg6 44. Rg5+ 1/2-1/2


[Site "https://www.chess.com"]

[Event "Titled Tuesday Blitz February 07 Early 2023"]
[White "Orzech, Dominik"]
[Black "Ivic, Velimir"]
[WhiteFideId "1115065"]
[BlackFideId "950122"]
[WhiteElo "2308"]
[BlackElo "2595"]
[Result "1-0"]
[Round "03"]
[TimeControl "180+2"]
[Date "2023.02.07"]
[WhiteClock "0:01:08"]
[BlackClock "0:00:01"]

1. Nf3 Nf6 2. c4 g6 3. d4 Bg7 4. g3 O-O 5. Bg2 d6 6. O-O c6 7. Nc3 Bf5 8. Nh4 Be6 9. d5 Bd7 10. e4 Na6 11. Nf3 cxd5 12. cxd5 Nc5 13. Nd4 Qb6 14. Rb1 Ncxe4 15. Nxe4 Nxe4 16. Be3 Nc5 17. b4 Na4 18. Ne6 Qa6 19. Nxf8 Rxf8 20. Rc1 Nc3 21. Qd2 Ne2+ 22. Kh1 Nxc1 23. Rxc1 Rc8 24. Rxc8+ Bxc8 25. Qc2 b6 26. Qc7 Bf8 27. Qd8 Bf5 28. Bh6 Qc8 29. Qxc8 Bxc8 30. Be3 Ba6 31. a4 Bc4 32. a5 bxa5 33. bxa5 a6 34. Bf3 e6 35. dxe6 fxe6 36. h4 Kf7 37. Bb7 d5 38. Kg2 e5 39. Kf3 Bb4 40. Bb6 h5 41. Ke3 Ke6 42. Bc8+ Kd6 43. Bb7 Bc5+ 44. Bxc5+ Kxc5 45. f4 d4+ 46. Ke4 exf4 47. Kxf4 d3 48. Kg5 Bd5 49. Bxa6 d2 50. Be2 Bc4 51. Bd1 Bd3 52. Kf4 Kb4 53. Ke3 Kc3 54. g4 Bc2 55. Be2 d1=N+ 56. Kf4 Nf2 57. gxh5 gxh5 58. a6 Kd4 59. Bf3 Nd3+ 60. Kg5 Ne5 61. Bg2 Bd1 62. a7 1-0


[Site "https://www.chess.com"]

[Event "Titled Tuesday Blitz February 07 Early 2023"]
[White "Guseinov, Gadir"]
[Black "Karas, Marek"]
[WhiteFideId "13401378"]
[BlackFideId "14928558"]
[WhiteElo "2661"]
[BlackElo "2227"]
[Result "1-0"]
[Round "03"]
[TimeControl "180+2"]
[Date "2023.02.07"]
[WhiteClock "0:01:40"]
[BlackClock "0:01:40"]

1. e4 e6 2. d4 d5 3. e5 c5 4. c3 Qb6 5. Nf3 Nc6 6. Be2 Bd7 7. O-O cxd4 8. cxd4 Nge7 9. Na3 Nf5 10. Nc2 Be7 11. Bd3 a5 12. Rb1 Nfxd4 13. Nfxd4 Nxd4 14. Be3 Bc5 15. b4 axb4 16. Bxd4 Bxd4 17. Rxb4 Bxf2+ 18. Rxf2 Qc7 19. Qh5 g6 20. Qg5 Rxa2 21. h4 Bc6 22. Rbf4 Rf8 23. h5 gxh5 24. Qxh5 Ba4 25. Rxa4 Rxa4 26. Bb5+ 1-0


[Site "https://www.chess.com"]

[Event "Titled Tuesday Blitz February 07 Early 2023"]
[White "Lamaze, Simon"]
[Black "Ohanyan, Emin"]
[WhiteFideId "36069264"]
[BlackFideId "13312022"]
[WhiteElo "2363"]
[BlackElo "2444"]
[Result "1/2-1/2"]
[Round "03"]
[TimeControl "180+2"]
[Date "2023.02.07"]
[WhiteClock "0:00:11"]
[BlackClock "0:00:04"]

1. e4 e5 2. Nf3 Nc6 3. Bc4 Nf6 4. d3 d5 5. exd5 Nxd5 6. O-O Bc5 7. c3 O-O 8. Nbd2 Nb6 9. Bb5 Bg4 10. h3 Bh5 11. Ne4 Bd6 12. Ng3 Bg6 13. Re1 f6 14. Nh4 Ne7 15. Nxg6 hxg6 16. d4 exd4 17. Qxd4 Bxg3 18. Qxd8 Raxd8 19. fxg3 Ned5 20. Bf1 Rfe8 21. Rxe8+ Rxe8 22. Kf2 Nc8 23. Bd2 Nd6 24. Kg1 Ne4 25. Be1 Ne3 26. Bd3 f5 27. Bf2 Nxf2 28. Kxf2 Kf8 29. Re1 Nd5 30. Rxe8+ Kxe8 31. Bc4 Nf6 32. Kf3 Ke7 33. Kf4 Ne4 34. Bd3 Nc5 35. Bc2 Kf6 36. h4 Ne6+ 37. Kf3 g5 38. g4 f4 39. g3 gxh4 40. gxh4 g5 41. h5 Kg7 42. Ke4 Kh6 43. Ke5 Nc5 44. Kd5 Nd7 45. Bd1 Kg7 46. Bf3 Kf6 47. Kd4 Ne5 48. Bxb7 Nxg4 49. b4 Nh6 50. c4 g4 51. a4 Kg5 52. c5 Kxh5 53. b5 Nf5+ 54. Ke5 Ne3 55. Kxf4 Nc4 56. Bd5 Nb2 57. Bb3 Nd3+ 58. Kf5 Nxc5 59. Bd1 Kh4 60. a5 g3 61. Bf3 Na4 62. Ke5 Nc3 63. Kd4 Nxb5+ 64. Kc5 Na3 65. Kc6 a6 66. Kb7 Nc4 67. Kxa6 Kg5 68. Kb5 Nxa5 69. Kxa5 Kf4 70. Bh1 Ke5 71. Kb5 Kd4 72. Kc6 Kc4 73. Kxc7 g2 74. Bxg2 1/2-1/2


[Site "https://www.chess.com"]

[Event "Titled Tuesday Blitz February 07 Early 2023"]
[White "Kaasen, Tor Fredrik"]
[Black "Sourath Biswas"]
[WhiteFideId "1516647"]
[BlackFideId "35091484"]
[WhiteElo "2480"]
[BlackElo "2281"]
[Result "1-0"]
[Round "03"]
[TimeControl "180+2"]
[Date "2023.02.07"]
[WhiteClock "0:01:11"]
[BlackClock "0:00:47"]

1. d4 Nf6 2. Nf3 g6 3. c3 Bg7 4. Bg5 O-O 5. Nbd2 d5 6. e3 c5 7. Bd3 Nc6 8. O-O Nd7 9. Qe2 Qb6 10. Rab1 e5 11. dxe5 Ndxe5 12. Nxe5 Nxe5 13. Bc2 d4 14. exd4 cxd4 15. cxd4 Qxd4 16. Be3 Qh4 17. h3 Be6 18. Rfd1 Rac8 19. Bb3 Bf5 20. Rbc1 Rxc1 21. Rxc1 Nd3 22. Rc7 Nf4 23. Bxf4 Qxf4 24. Rxf7 Kh8 25. Rxg7 Bd3 26. Qe7 Qxf2+ 27. Kh1 g5 28. Qe5 1-0


[Site "https://www.chess.com"]

[Event "Titled Tuesday Blitz February 07 Early 2023"]
[White "Perez Ponsa, Federico"]
[Black "Sukandar, Irine Kharisma"]
[WhiteFideId "117927"]
[BlackFideId "7101937"]
[WhiteElo "2532"]
[BlackElo "2390"]
[Result "1-0"]
[Round "03"]
[TimeControl "180+2"]
[Date "2023.02.07"]
[WhiteClock "0:00:40"]
[BlackClock "0:00:14"]

1. e4 e5 2. Nf3 d6 3. d4 exd4 4. Nxd4 Nf6 5. Nc3 Be7 6. g3 O-O 7. Bg2 Nbd7 8. O-O Nc5 9. h3 Re8 10. Nb3 Nxb3 11. axb3 Bd7 12. Qd3 Bc6 13. Bf4 Nd7 14. Nd5 Bf6 15. c3 Nc5 16. Qc2 a5 17. b4 Bxd5 18. bxc5 Bc4 19. Rfd1 Be5 20. cxd6 cxd6 21. Bxe5 Rxe5 22. Rd4 Be6 23. Qd2 Ra6 24. Rd1 h6 25. f4 Rc5 26. Rxd6 Rxd6 27. Qxd6 Qxd6 28. Rxd6 Rb5 29. Rd2 a4 30. Bf1 Rb3 31. f5 Bc8 32. Rd8+ Kh7 33. Rxc8 Rxb2 34. Ra8 b5 35. c4 bxc4 36. Bxc4 Rb1+ 37. Kg2 1-0


[Site "https://www.chess.com"]

[Event "Titled Tuesday Blitz February 07 Early 2023"]
[White "Tan, Jun Ying"]
[Black "Alexakis, Dimitris"]
[WhiteFideId "5710413"]
[BlackFideId "4277023"]
[WhiteElo "2307"]
[BlackElo "2436"]
[Result "0-1"]
[Round "03"]
[TimeControl "180+2"]
[Date "2023.02.07"]
[WhiteClock "0:00:07"]
[BlackClock "0:00:41"]

1. d4 Nf6 2. c4 e6 3. Nc3 Bb4 4. e3 O-O 5. Ne2 d6 6. a3 Bxc3+ 7. Nxc3 b6 8. Be2 Bb7 9. O-O Nbd7 10. b4 e5 11. Bb2 Qe7 12. d5 Rfd8 13. a4 c6 14. dxc6 Bxc6 15. a5 bxa5 16. Rxa5 d5 17. cxd5 Nb6 18. e4 Qxb4 19. Qa1 Be8 20. Bd3 Nh5 21. Rb1 Rdc8 22. Rxa7 Rab8 23. Qa3 Qxa3 24. Rxa3 Nf4 25. Bf1 Nc4 26. Bxc4 Rxc4 27. Raa1 Rcb4 28. Ba3 Rb3 29. Rxb3 Rxb3 30. Nd1 Ne2+ 31. Kf1 Bb5 32. Ke1 Nd4 33. Kd2 Rd3+ 34. Kc1 Nb3+ 35. Kb2 Nxa1 36. Nc3 Bc4 37. Bb4 Nb3 38. d6 Nd4 39. Nd5 Bxd5 40. exd5 Rb3+ 41. Ka2 Rxb4 42. d7 Rb8 0-1


[Site "https://www.chess.com"]

[Event "Titled Tuesday Blitz February 07 Early 2023"]
[White "Tarlabasi, Emirhan"]
[Black "Pakleza, Zbigniew"]
[WhiteFideId "6350275"]
[BlackFideId "1119290"]
[WhiteElo "2300"]
[BlackElo "2494"]
[Result "0-1"]
[Round "03"]
[TimeControl "180+2"]
[Date "2023.02.07"]
[WhiteClock "0:00:12"]
[BlackClock "0:00:05"]

1. d4 d6 2. Nf3 Bg4 3. e3 Nf6 4. Be2 e6 5. O-O Be7 6. c4 c6 7. Nc3 d5 8. b3 O-O 9. Bb2 Nbd7 10. h3 Bh5 11. Rc1 a6 12. c5 Re8 13. b4 Bg6 14. Bd3 Ne4 15. Bxe4 dxe4 16. Nd2 f5 17. f4 exf3 18. Qxf3 Nf6 19. Nc4 Nd5 20. Nxd5 exd5 21. Ne5 Bf6 22. a4 Qc7 23. Qf4 Qe7 24. Bc3 Bg5 25. Qf3 Rf8 26. g3 Qe6 27. h4 Bd8 28. Qf4 Bc7 29. Rb1 Bh5 30. Rf2 h6 31. Rfb2 Be8 32. Rg2 Qf6 33. g4 Qxh4 34. Rf1 Bd7 35. g5 Qxf4 36. exf4 Bxe5 37. dxe5 hxg5 38. Rxg5 Be6 39. Bd4 Kf7 40. Kg2 Rh8 41. Rg1 Rh4 42. Kf3 Rg8 43. a5 Rh3+ 44. R1g3 Rh2 45. Rg2 Rh1 46. Rg1 Rh3+ 47. R1g3 Rh7 48. Rg1 Rh4 49. R1g3 Rh1 50. Rg1 Rh7 51. R1g2 Rgh8 52. R2g3 Bd7 53. Ke3 Be6 54. Kf3 Rg8 55. Ke3 Rh2 56. Rg2 Rxg2 57. Rxg2 Rh8 58. Kf3 Rh1 59. Rg1 Rh3+ 60. Rg3 Rh4 61. Rg2 Kf8 62. Rg5 Rh3+ 63. Rg3 Rh2 64. Rg2 Rh1 65. Rg1 Rh4 66. Rg5 Rh6 67. Rg3 Rh5 68. Rg5 Rh7 69. Rg3 Rh8 70. Kg2 Kf7 71. Rh3 Rxh3 72. Kxh3 g5 73. fxg5 f4+ 74. Kg2 Kg6 75. Kf3 Kxg5 76. Bc3 Bg4+ 77. Kf2 Kf5 78. Bb2 Ke4 79. Bc1 Kxe5 80. Bb2+ Ke4 81. Bg7 d4 82. Bf6 d3 83. Ke1 Kd5 84. Kd2 Be2 85. Bg5 f3 86. Ke1 Kc4 87. Bd2 Kb3 88. Kf2 Kc2 89. Ke1 f2+ 90. Kxf2 Kxd2 91. b5 Kc3 92. bxc6 bxc6 93. Ke3 Kc2 94. Kd4 d2 95. Ke5 d1=Q 0-1


[Site "https://www.chess.com"]

[Event "Titled Tuesday Blitz February 07 Early 2023"]
[White "Ladan, Nicholas"]
[Black "Kopylov, Alexander A."]
[WhiteFideId "30918855"]
[BlackFideId "4164857"]
[WhiteElo "2228"]
[BlackElo "2397"]
[Result "1-0"]
[Round "03"]
[TimeControl "180+2"]
[Date "2023.02.07"]
[WhiteClock "0:02:14"]
[BlackClock "0:02:18"]

1. d4 Nf6 2. Bf4 d6 3. e3 Nbd7 4. h3 e5 5. Bh2 exd4 6. exd4 Be7 7. Nf3 Nf8 8. c4 Ng6 9. Nc3 O-O 10. Bd3 Re8 11. O-O c6 12. a4 a5 13. Qd2 Qb6 14. Rae1 Bd7 15. Rxe7 Nxe7 16. Bxd6 Bf5 17. Bxe7 Bxd3 18. Bxf6 Bxf1 19. Qg5 1-0


[Site "https://www.chess.com"]

[Event "Titled Tuesday Blitz February 07 Early 2023"]
[White "Golubev, Mikhail"]
[Black "Postny, Evgeny"]
[WhiteFideId "14100983"]
[BlackFideId "2804344"]
[WhiteElo "2461"]
[BlackElo "2549"]
[Result "0-1"]
[Round "03"]
[TimeControl "180+2"]
[Date "2023.02.07"]
[WhiteClock "0:00:56"]
[BlackClock "0:01:08"]

1. e4 e5 2. Nf3 Nc6 3. Bc4 Nf6 4. Ng5 d5 5. exd5 Na5 6. Bb5+ Bd7 7. Qe2 Be7 8. Nc3 Bxb5 9. Qxb5+ c6 10. dxc6 Nxc6 11. Nf3 O-O 12. Nxe5 Nxe5 13. Qxe5 Bd6 14. Qb5 Re8+ 15. Ne2 Qc7 16. O-O Bxh2+ 17. Kh1 Re5 18. Qd3 Rh5 19. f3 Rd8 20. Qc3 Be5+ 0-1


[Site "https://www.chess.com"]

[Event "Titled Tuesday Blitz February 07 Early 2023"]
[White "Rakhmanov, Aleksandr"]
[Black "ArchibaldCerveza29"]
[WhiteFideId "4173708"]
[WhiteElo "2632"]
[BlackElo "2531"]
[Result "1-0"]
[Round "03"]
[TimeControl "180+2"]
[Date "2023.02.07"]
[WhiteClock "0:00:03"]
[BlackClock "0:00:01"]

1. d4 d5 2. c4 e6 3. Nf3 Nf6 4. g3 Be7 5. Bg2 O-O 6. Nc3 dxc4 7. Ne5 c5 8. dxc5 Bxc5 9. O-O Nc6 10. Nxc6 bxc6 11. Qa4 Rb8 12. Qxc4 Qd4 13. Qxd4 Bxd4 14. Rd1 c5 15. e3 Be5 16. Na4 Rb5 17. f4 Bc7 18. Bf1 Rb8 19. b3 Ne4 20. Ba3 Bb6 21. Rac1 Bb7 22. Nxc5 Rfc8 23. Nxe4 Bxe3+ 24. Nf2 Bxc1 25. Bxc1 Bf3 26. Re1 Rc2 27. Bc4 g6 28. Be3 Rxa2 29. Bd4 Rc2 30. h4 Kf8 31. Bxa7 Ra8 32. Bc5+ Kg8 33. Bd4 Raa2 34. Rb1 Rd2 35. Be3 Rdc2 36. Re1 Rab2 37. g4 1-0


[Site "https://www.chess.com"]

[Event "Titled Tuesday Blitz February 07 Early 2023"]
[White "Paichadze, Luka"]
[Black "Basso, Pier Luigi"]
[WhiteFideId "13602934"]
[BlackFideId "866970"]
[WhiteElo "2515"]
[BlackElo "2506"]
[Result "1-0"]
[Round "03"]
[TimeControl "180+2"]
[Date "2023.02.07"]
[WhiteClock "0:00:09"]
[BlackClock "0:00:07"]

1. e4 e5 2. d4 exd4 3. Qxd4 Nc6 4. Qe3 Nf6 5. Nc3 Bb4 6. Bd2 O-O 7. O-O-O Re8 8. Qf4 Bxc3 9. Bxc3 Nxe4 10. Bc4 Nf6 11. Nf3 d5 12. Bxf6 Qxf6 13. Qxf6 gxf6 14. Bxd5 Nb4 15. Bc4 Bg4 16. Rd4 Bxf3 17. gxf3 Rad8 18. Rg4+ Kf8 19. Rhg1 Nc6 20. Rg8+ Ke7 21. Re1+ Kd7 22. Rexe8 Rxe8 23. Bxf7 Rxg8 24. Bxg8 h6 25. Bd5 Kd6 26. Bxc6 bxc6 27. Kd2 Ke5 28. Ke3 Kf5 29. f4 Kg4 30. Ke4 h5 31. f3+ Kh3 32. Kf5 Kxh2 33. Kxf6 Kg3 34. Kg5 h4 35. f5 h3 36. f6 h2 37. f7 h1=Q 38. f8=Q Qxf3 39. Qc5 Kg2 40. a4 a6 41. a5 Qe4 42. Qf5 Qe3+ 43. Kf6 Qd4+ 44. Qe5 Qh4+ 45. Ke6 Qc4+ 46. Kd7 Qxc2 47. Kxc7 Qc4 48. Kb6 Kf1 49. Qc5 Qb3+ 50. Kxa6 Qxb2 51. Qxc6 Qa2 52. Kb6 Kg1 53. a6 Qb3+ 54. Kc7 Qf7+ 55. Kb8 Qf8+ 56. Kb7 Qe7+ 57. Qc7 Qe4+ 58. Kb8 Qb4+ 59. Ka8 Qe4+ 60. Ka7 Kf1 61. Qc1+ Kf2 62. Qb2+ Kf1 63. Qc1+ Kf2 64. Qb2+ Kf1 65. Qb5+ Kf2 66. Kb6 Qe6+ 67. Qc6 Qb3+ 68. Kc7 Qf7+ 69. Qd7 Qc4+ 70. Kb7 Qb4+ 71. Ka8 Qe4+ 72. Kb8 Qb4+ 73. Kc8 Qc4+ 74. Kb7 Qb4+ 75. Kc7 Qc4+ 76. Qc6 Qf7+ 77. Kb8 Qf4+ 78. Kb7 Qf7+ 79. Qc7 Qb3+ 80. Qb6+ Qxb6+ 81. Kxb6 1-0


[Site "https://www.chess.com"]

[Event "Titled Tuesday Blitz February 07 Early 2023"]
[White "Ljukin, Sergei"]
[Black "Galchenko, Matvey"]
[WhiteFideId "14102200"]
[BlackFideId "24175480"]
[WhiteElo "2362"]
[BlackElo "2438"]
[Result "0-1"]
[Round "03"]
[TimeControl "180+2"]
[Date "2023.02.07"]
[WhiteClock "0:00:03"]
[BlackClock "0:00:07"]

1. e4 c5 2. Nf3 g6 3. c4 Bg7 4. d4 cxd4 5. Nxd4 Nc6 6. Be3 Nf6 7. Nc3 O-O 8. Be2 d6 9. O-O Nxd4 10. Bxd4 a5 11. b3 Bd7 12. Rc1 Bc6 13. f3 Nd7 14. Bxg7 Kxg7 15. Qd4+ Kg8 16. f4 Qb6 17. Qxb6 Nxb6 18. Rfd1 f5 19. exf5 gxf5 20. Kf2 Kg7 21. Bf3 a4 22. b4 Rac8 23. c5 Bxf3 24. Kxf3 dxc5 25. b5 Rfd8 26. h3 h5 27. g4 hxg4+ 28. hxg4 fxg4+ 29. Kxg4 Rd4 30. Ne2 Rd6 31. Nc3 Rg6+ 32. Kf3 Rh6 33. Rg1+ Kf7 34. Ne4 c4 35. Ng5+ Kf8 36. Rge1 Nd5 37. Re5 Nf6 0-1


[Site "https://www.chess.com"]

[Event "Titled Tuesday Blitz February 07 Early 2023"]
[White "Shohat, Yotam"]
[Black "Ahmadzada, Ahmad"]
[WhiteFideId "2813955"]
[BlackFideId "13413007"]
[WhiteElo "2346"]
[BlackElo "2488"]
[Result "0-1"]
[Round "03"]
[TimeControl "180+2"]
[Date "2023.02.07"]
[WhiteClock "0:00:02"]
[BlackClock "0:00:08"]

1. e4 Nf6 2. e5 Nd5 3. d4 d6 4. c4 Nb6 5. f4 dxe5 6. fxe5 Bf5 7. Nc3 e6 8. Be3 c5 9. d5 N8d7 10. Nf3 Bg4 11. Bf4 g5 12. Bg3 Bg7 13. Qe2 O-O 14. O-O-O exd5 15. cxd5 Nxe5 16. Bxe5 Re8 17. Qc2 Bxf3 18. gxf3 Rxe5 19. Bd3 h6 20. h4 c4 21. Be4 Qf6 22. hxg5 hxg5 23. Kb1 Nc8 24. Bh7+ Kf8 25. Ne4 Qf4 26. d6 Nb6 27. Rd4 Rb5 28. Rhd1 Bxd4 29. Rxd4 Qe5 30. Rd1 Na4 31. Rd2 Rxb2+ 32. Qxb2 Nxb2 33. Rxb2 f5 34. Nxg5 Qe1+ 35. Kc2 Qe2+ 36. Kc3 Qe3+ 37. Kxc4 Qxg5 0-1


[Site "https://www.chess.com"]

[Event "Titled Tuesday Blitz February 07 Early 2023"]
[White "Kukhmazov, Arsen"]
[Black "Jaskolka, Tomasz"]
[WhiteFideId "24108260"]
[BlackFideId "1170791"]
[WhiteElo "2512"]
[BlackElo "2238"]
[Result "0-1"]
[Round "03"]
[TimeControl "180+2"]
[Date "2023.02.07"]
[WhiteClock "0:00:25"]
[BlackClock "0:00:12"]

1. Nf3 d5 2. c4 c6 3. e3 Nf6 4. b3 Bg4 5. Bb2 e6 6. h3 Bxf3 7. Qxf3 Nbd7 8. Nc3 Bd6 9. Qd1 Qe7 10. d4 Ba3 11. Bxa3 Qxa3 12. Bd3 a5 13. O-O O-O 14. Qc2 h6 15. c5 a4 16. Nxa4 e5 17. Rfd1 Rfe8 18. Bf5 Re7 19. Rab1 g6 20. Bd3 Qb4 21. Qb2 exd4 22. exd4 Kg7 23. a3 Qa5 24. Bc2 Re2 25. Qc1 Rae8 26. b4 Qc7 27. Bd3 R2e6 28. Nc3 Ne4 29. Nxe4 dxe4 30. Bc4 Rf6 31. d5 e3 32. fxe3 Qg3 33. d6 Rf2 34. Qc3+ f6 35. Bf1 Ne5 36. Qxe5 fxe5 37. d7 Rd8 38. Rd6 Rf7 39. Rbd1 Qf2+ 40. Kh1 Qxf1+ 41. Rxf1 Rxf1+ 42. Kh2 Rf7 43. b5 Rfxd7 44. Re6 Kf7 45. Rxe5 Rd5 46. Re4 Rxc5 47. bxc6 bxc6 48. a4 Ra5 49. Rf4+ Ke7 50. Re4+ Kf7 51. Rf4+ Ke6 52. Re4+ Re5 53. Rc4 c5 54. e4 Rd4 55. Rc1 Rexe4 56. a5 Rc4 57. Rb1 Ra4 58. Rb6+ Kd5 59. Rxg6 Re6 0-1


[Site "https://www.chess.com"]

[Event "Titled Tuesday Blitz February 07 Early 2023"]
[White "Kilic, Eray"]
[Black "Marn, Jan"]
[WhiteFideId "44517173"]
[BlackFideId "14619245"]
[WhiteElo "2414"]
[BlackElo "2345"]
[Result "1-0"]
[Round "03"]
[TimeControl "180+2"]
[Date "2023.02.07"]
[WhiteClock "0:01:37"]
[BlackClock "0:00:14"]

1. e4 e5 2. Nf3 Nc6 3. Bb5 a6 4. Ba4 d6 5. O-O Bd7 6. c3 Nge7 7. d4 Ng6 8. Re1 Be7 9. Nbd2 h6 10. Nf1 Bg5 11. Nxg5 hxg5 12. Ng3 Qf6 13. Nh5 Qe7 14. d5 Nb8 15. Bxd7+ Nxd7 16. Nxg7+ Kf8 17. Nf5 Qf6 18. Qg4 Nf4 19. g3 Nh3+ 20. Kg2 Nb6 21. b3 Nc8 22. c4 Ne7 23. Re2 Nxf5 24. exf5 Ke7 25. c5 Rag8 26. cxd6+ Qxd6 27. Qe4 f6 28. a4 Rd8 29. Ba3 1-0


[Site "https://www.chess.com"]

[Event "Titled Tuesday Blitz February 07 Early 2023"]
[White "Avinash, Ramesh"]
[Black "Devaev, Alexander"]
[WhiteFideId "45018340"]
[BlackFideId "4169395"]
[WhiteElo "2319"]
[BlackElo "2325"]
[Result "1-0"]
[Round "03"]
[TimeControl "180+2"]
[Date "2023.02.07"]
[WhiteClock "0:02:22"]
[BlackClock "0:01:59"]

1. d4 Nf6 2. c4 e6 3. Nc3 Bb4 4. e3 c5 5. a3 Bxc3+ 6. bxc3 Nc6 7. Ne2 d6 8. Ng3 b6 9. Bd3 e5 10. d5 Na5 11. O-O Ba6 12. f4 exf4 13. Rxf4 Bc8 14. Ra2 Qe7 15. Raf2 Bd7 16. Ne4 Nxe4 17. Rxe4 1-0


[Site "https://www.chess.com"]

[Event "Titled Tuesday Blitz February 07 Early 2023"]
[White "Forgacs, Attila Jr."]
[Black "Fier, Alexandr"]
[WhiteFideId "773654"]
[BlackFideId "2107139"]
[WhiteElo "2264"]
[BlackElo "2589"]
[Result "0-1"]
[Round "03"]
[TimeControl "180+2"]
[Date "2023.02.07"]
[WhiteClock "0:00:41"]
[BlackClock "0:02:32"]

1. e4 Nf6 2. e5 Nd5 3. d4 d6 4. Nf3 g6 5. Bc4 Nb6 6. Bb3 Bg7 7. Ng5 e6 8. Qf3 Qe7 9. Ne4 h6 10. Nf6+ Kf8 11. O-O Nc6 12. Be3 dxe5 13. Ng4 exd4 14. Bf4 h5 15. Ne3 dxe3 16. fxe3 Ne5 17. Bxe5 Bxe5 18. Nd2 Kg7 19. Qe4 Bxb2 20. Nf3 Bxa1 21. Rxa1 Bd7 22. Ne5 Bc6 23. Qf4 Qf6 24. Qg3 h4 0-1


[Site "https://www.chess.com"]